[Event "2024 Mary Thomson Cup (Division D)"]
[Site "Woodvale, Perth WA AUS"]
[Date "2024.03.06"]
[Round "6"]
[White "Boswarva, Ernest"]
[Black "Hagendoorn, Mark"]
[Result "0-1"]
[ECO "A80"]
[WhiteElo "1497"]
[BlackElo "1483"]
[PlyCount "92"]
[EventDate "2024.01.31"]
[EventType "tourn"]
[EventRounds "7"]
[EventCountry "AUS"]
[TimeControl "3600+30"]

1. d4 f5 2. Nf3 d6 3. e3 Nf6 4. Be2 g6 5. b3 Bg7 6. O-O O-O 7. Bb2 Be6 8. c4
Nbd7 9. Nc3 h6 10. d5 Bf7 11. Nd4 a6 12. a4 Nc5 13. b4 Nce4 14. Nxe4 Nxe4 15.
Ne6 Bxe6 16. Bxg7 Kxg7 17. dxe6 Qc8 18. Qd4+ Rf6 19. f3 Ng5 20. Rae1 Nxe6 21.
Qc3 Ng5 22. h4 Nf7 23. f4 e5 24. h5 Qe6 25. hxg6 Kxg6 26. Rf3 Rg8 27. Rg3+ Kh7
28. Rxg8 Kxg8 29. Bh5 b6 30. c5 bxc5 31. bxc5 Qd5 32. cxd6 c6 33. Bxf7+ Kxf7
34. fxe5 Rg6 35. Qb2 Ke6 36. Re2 Qxe5 37. Qxe5+ Kxe5 38. Rd2 Rxd6 39. Rxd6 Kxd6
40. Kf2 Ke5 41. Ke2 Ke4 42. Kd2 h5 43. Ke2 a5 44. Kd2 h4 45. Ke2 c5 46. Kd2 c4
0-1

[Event "2024 Mary Thomson Cup (Division E)"]
[Site "Woodvale, Perth WA AUS"]
[Date "2024.03.06"]
[Round "6"]
[White "Owen, Geoff"]
[Black "Otis, Max"]
[Result "0-1"]
[ECO "A00"]
[WhiteElo "1104"]
[BlackElo "1348"]
[PlyCount "20"]
[EventDate "2024.01.31"]
[EventType "swiss"]
[EventRounds "7"]
[EventCountry "AUS"]
[TimeControl "3600+30"]

1. g3 d5 2. a3 e5 3. f4 exf4 4. d4 fxg3 5. hxg3 Nf6 6. Bg5 Be7 7. Qd3 Ne4 8.
Bxe7 Qxe7 9. Qf3 Qg5 10. Bh3 Qc1# 0-1

[Event "2024 Mary Thomson Cup (Division E)"]
[Site "Woodvale, Perth WA AUS"]
[Date "2024.03.06"]
[Round "6"]
[White "May, Wendy"]
[Black "Powell, Darren"]
[Result "0-1"]
[ECO "C46"]
[WhiteElo "899"]
[BlackElo "1303"]
[PlyCount "34"]
[EventDate "2024.01.31"]
[EventType "swiss"]
[EventRounds "7"]
[EventCountry "AUS"]
[TimeControl "3600+30"]

1. e4 e5 2. Nf3 Nc6 3. Nc3 Bc5 4. d3 h6 5. Be2 d6 6. a3 a6 7. b4 Ba7 8. b5 Nd4
9. Nxd4 exd4 10. Nd5 axb5 11. O-O c6 12. Nf4 Nf6 13. h3 Qc7 14. Qe1 Bb8 15. Bb2
d5 16. Bc1 g5 17. Nh5 Qh2# 0-1

[Event "2024 Mary Thomson Cup (Division E)"]
[Site "Woodvale, Perth WA AUS"]
[Date "2024.03.06"]
[Round "6"]
[White "Bordas, Lindsay"]
[Black "Gough, Sebastian"]
[Result "0-1"]
[ECO "B01"]
[WhiteElo "1164"]
[BlackElo "1206"]
[PlyCount "62"]
[EventDate "2024.01.31"]
[EventType "swiss"]
[EventRounds "7"]
[EventCountry "AUS"]
[TimeControl "3600+30"]

1. e4 d5 2. Nc3 d4 3. Nce2 e5 4. Nf3 Nc6 5. Ng3 Bd6 6. c3 Bg4 7. Bc4 Nf6 8. d3
O-O 9. h3 Bxf3 10. Qxf3 a6 11. Bg5 h6 12. Bxf6 Qxf6 13. Qxf6 gxf6 14. O-O b5
15. Bd5 Ne7 16. Bxa8 Rxa8 17. Nf5 Nxf5 18. exf5 c5 19. cxd4 exd4 20. Rfe1 Be5
21. Rac1 Rc8 22. b4 c4 23. dxc4 Rxc4 24. Rxc4 bxc4 25. a4 d3 26. b5 a5 27. b6
d2 28. Rd1 c3 29. Kf1 c2 30. Rxd2 c1=Q+ 31. Ke2 Qc4+ 0-1

[Event "2024 Mary Thomson Cup (Division E)"]
[Site "Woodvale, Perth WA AUS"]
[Date "2024.03.06"]
[Round "6"]
[White "Markou, Victor"]
[Black "Young, Manfred"]
[Result "1-0"]
[ECO "C00"]
[WhiteElo "1004"]
[BlackElo "1205"]
[PlyCount "47"]
[EventDate "2024.01.31"]
[EventType "swiss"]
[EventRounds "7"]
[EventCountry "AUS"]
[TimeControl "3600+30"]

1. e4 e6 2. Nf3 d6 3. g3 h6 4. Bg2 Nc6 5. O-O e5 6. Re1 Nf6 7. d3 Bg4 8. Nbd2
Be7 9. Nf1 O-O 10. Ne3 Bh5 11. Nf5 Nd4 12. Nxe7+ Qxe7 13. c3 Nxf3+ 14. Bxf3
Bxf3 15. Qxf3 Nh7 16. Qg4 Qf6 17. Rf1 Ng5 18. f4 Qg6 19. fxg5 f6 20. Qe6+ Kh8
21. gxh6 gxh6 22. Qh3 Rf7 23. Qxh6+ Qxh6 24. Bxh6 {Scoresheet not clear} 1-0

[Event "2024 Mary Thomson Cup (Division E)"]
[Site "Woodvale, Perth WA AUS"]
[Date "2024.03.06"]
[Round "6"]
[White "Frankland, David"]
[Black "Rennie, Mike"]
[Result "1-0"]
[ECO "C20"]
[WhiteElo "1174"]
[BlackElo "962"]
[PlyCount "111"]
[EventDate "2024.01.31"]
[EventType "swiss"]
[EventRounds "7"]
[EventCountry "AUS"]
[TimeControl "3600+30"]

1. e4 e5 2. a3 d6 3. Nc3 Nf6 4. d3 Nc6 5. Be3 Ng4 6. Qd2 Be6 7. h3 Nxe3 8. Qxe3
Be7 9. Nf3 a6 10. Be2 b5 11. b4 h6 12. Nd5 Bxd5 13. exd5 Nd4 14. Nxd4 Qd7 15.
Nc6 Bf6 16. Rb1 O-O 17. Bg4 Qe8 18. O-O Bg5 19. Qe4 g6 20. Be2 f5 21. Qf3 e4
22. Qg3 e3 23. f4 Bf6 24. Rf3 Qf7 25. Rxe3 Rae8 26. Rxe8 Rxe8 27. Bf3 Re3 28.
Re1 Re8 29. Rxe8+ Qxe8 30. h4 Kh7 31. h5 g5 32. Kf1 g4 33. Bd1 Qxh5 34. Ke2 Bh4
35. Qe3 g3+ 36. Qf3 Qe8+ 37. Kd2 Qf7 38. Qh5 Qxd5 39. Qxh4 Qxg2+ 40. Kc1 Qxc6
41. Qxg3 Qc3 42. Bh5 Qa1+ 43. Kd2 Qg7 44. Qxg7+ Kxg7 45. c4 c6 46. Ke3 c5 47.
cxb5 axb5 48. Be8 h5 49. Bxh5 d5 50. bxc5 d4+ 51. Kxd4 Kf6 52. Kd5 Ke7 53. c6
Kd8 54. Bg6 Kc7 55. Bxf5 Kb6 56. Kd6 1-0

[Event "2024 Mary Thomson Cup (Division A)"]
[Site "Woodvale, Perth WA AUS"]
[Date "2024.03.20"]
[Round "7"]
[White "Gibson, Jacob"]
[Black "Elkington, Derek"]
[Result "1/2-1/2"]
[ECO "B40"]
[WhiteElo "1976"]
[BlackElo "1896"]
[PlyCount "116"]
[EventDate "2024.01.31"]
[EventType "tourn"]
[EventRounds "7"]
[EventCountry "AUS"]
[TimeControl "3600+30"]

1. e4 c5 2. Nf3 e6 3. d4 cxd4 4. Nxd4 Qb6 5. Be3 Bc5 6. Na3 d5 7. Bb5+ Nc6 8.
exd5 exd5 9. Qe2 Nge7 10. c3 O-O 11. Nac2 Nf5 12. Bxc6 Nxe3 13. fxe3 bxc6 14.
O-O a5 15. Rab1 Re8 16. Qf3 Ra7 17. a3 a4 18. Nb4 Bxb4 19. axb4 Re4 20. Ra1 Bg4
21. Qg3 Bh5 22. Qd6 Rxe3 23. Rfe1 Rxe1+ 24. Rxe1 Ra8 25. Qxc6 Qxc6 26. Nxc6 Kf8
27. Re5 Bg6 28. Rxd5 Be4 29. Rc5 Rc8 30. b5 Bxc6 31. bxc6 Ke7 32. Rc4 a3 33.
bxa3 Kd6 34. Rd4+ Ke5 35. Rc4 Kd5 36. Rd4+ Ke5 37. Kf2 Rxc6 38. Rd3 g6 39. Ke2
f5 40. Re3+ Kd5 41. Kd3 f4 42. Re7 h5 43. Rg7 Ke5 44. Re7+ Kd6 45. Re4 g5 46.
Kd4 Ra6 47. Re5 Ra4+ 48. c4 Rxc4+ 49. Kxc4 Kxe5 50. Kd3 g4 51. a4 h4 52. Ke2
Kd4 53. Kf2 Kc4 54. h3 gxh3 55. gxh3 Kb4 56. Kf3 Kxa4 57. Kxf4 Kb5 58. Kg4 Kc6
1/2-1/2

[Event "2024 Mary Thomson Cup (Division A)"]
[Site "Woodvale, Perth WA AUS"]
[Date "2024.03.20"]
[Round "7"]
[White "Clarke, Daniel"]
[Black "Saxon, Marc"]
[Result "0-1"]
[ECO "B07"]
[WhiteElo "1922"]
[BlackElo "2034"]
[PlyCount "94"]
[EventDate "2024.01.31"]
[EventType "tourn"]
[EventRounds "7"]
[EventCountry "AUS"]
[TimeControl "3600+30"]

1. e4 d6 2. d4 Nf6 3. Nc3 Nbd7 4. f4 e5 5. Nf3 exd4 6. Qxd4 c6 7. Be3 d5 8.
exd5 Bc5 9. Qd3 Qe7 10. Nd4 Nb6 11. O-O-O O-O 12. d6 Qxd6 13. Ne4 Nxe4 14. Qxe4
Bg4 15. Nf3 Rfe8 16. Rxd6 Bxe3+ 17. Qxe3 Rxe3 18. Kd2 Bxf3 19. Kxe3 Bxg2 20.
Bxg2 Nc4+ 21. Kd4 Nxd6 22. Re1 Rd8 23. Kc5 Kf8 24. a4 Nf5 25. c3 Rd2 26. Bh3
Ne7 27. Bg4 b6+ 28. Kc4 Rxb2 29. h3 Rd2 30. a5 Rd5 31. axb6 axb6 32. Ra1 g6 33.
Ra8+ Kg7 34. Rb8 b5+ 35. Kb4 Rd3 36. Rb7 Nd5+ 37. Kb3 Rxc3+ 38. Kb2 Re3 39. Bd7
Re7 40. Bxc6 Rxb7 41. Bxb7 Nxf4 42. Bc8 f5 43. h4 Kh6 44. Bd7 b4 45. Bc6 Ne2
46. Bf3 Nd4 47. Bd1 f4 0-1

[Event "2024 Mary Thomson Cup (Division A)"]
[Site "Woodvale, Perth WA AUS"]
[Date "2024.03.20"]
[Round "7"]
[White "Curthoys, Edward"]
[Black "Plaganyi, Gyula"]
[Result "0-1"]
[ECO "B04"]
[WhiteElo "1906"]
[BlackElo "2053"]
[BlackTitle "CM"]
[PlyCount "56"]
[EventDate "2024.01.31"]
[EventType "tourn"]
[EventRounds "7"]
[EventCountry "AUS"]
[TimeControl "3600+30"]

1. e4 Nf6 2. e5 Nd5 3. Nf3 d6 4. d4 Nc6 5. Be2 Bf5 6. O-O e6 7. a3 Be7 8. Re1
O-O 9. c4 Nb6 10. Nc3 dxe5 11. dxe5 Qxd1 12. Rxd1 Rfd8 13. Bf4 Na5 14. Nd4
Naxc4 15. Nxf5 exf5 16. Bxc4 Nxc4 17. Nd5 Bf8 18. Nxc7 Nxb2 19. Rdb1 Rac8 20.
Rxb2 Rxc7 21. e6 Re7 22. exf7+ Rxf7 23. Kf1 Rd4 24. Bb8 Ra4 25. Rb3 g6 26. Ke2
b6 27. Kd3 Rd7+ 28. Kc2 Rc4+ 0-1

[Event "2024 Mary Thomson Cup (Division A)"]
[Site "Woodvale, Perth WA AUS"]
[Date "2024.02.22"]
[Round "7"]
[White "Wolstencroft, Alan"]
[Black "Maris, Rob"]
[Result "1/2-1/2"]
[ECO "B67"]
[WhiteElo "1900"]
[BlackElo "2089"]
[PlyCount "50"]
[EventDate "2024.01.31"]
[EventType "tourn"]
[EventRounds "7"]
[EventCountry "AUS"]
[TimeControl "3600+30"]

{Played at Metropolitan Chess Club} 1. e4 c5 2. Nf3 Nc6 3. d4 cxd4 4. Nxd4 Nf6
5. Nc3 d6 6. Bg5 e6 7. Qd2 a6 8. O-O-O Bd7 9. Kb1 Be7 10. f3 Nxd4 11. Qxd4 Qa5
12. h4 Bc6 13. g4 O-O 14. Be3 Nd7 15. g5 b5 16. f4 b4 17. Ne2 d5 18. Ng3 Bc5
19. Qd2 dxe4 20. Bc4 Nb6 21. Bb3 Bd5 22. Qf2 Rfc8 23. h5 Nc4 24. Bxc5 Rxc5 25.
Qd4 Re8 1/2-1/2

[Event "2024 Mary Thomson Cup (Division B)"]
[Site "Woodvale, Perth WA AUS"]
[Date "2024.03.20"]
[Round "7"]
[White "Doshi, Chirag"]
[Black "Deng, Eric"]
[Result "0-1"]
[ECO "B44"]
[WhiteElo "1836"]
[BlackElo "1733"]
[PlyCount "84"]
[EventDate "2024.01.31"]
[EventType "tourn"]
[EventRounds "7"]
[EventCountry "AUS"]
[TimeControl "3600+30"]

1. e4 c5 2. Nf3 Nc6 3. d4 cxd4 4. Nxd4 e6 5. Nxc6 bxc6 6. Be3 Nf6 7. Bd3 Be7 8.
O-O O-O 9. Nd2 d5 10. e5 Nd7 11. f4 c5 12. c3 Bb7 13. Qh5 g6 14. Qh6 Qb6 15.
Rf3 Rfd8 16. Rh3 Nf8 17. b3 d4 18. cxd4 cxd4 19. Bf2 Rac8 20. Nc4 Qc6 21. Rg3
Qd7 22. h4 f5 23. h5 Bh4 24. Rh3 Qd5 25. Rh2 Bxf2+ 26. Kxf2 Rc7 27. hxg6 Nxg6
28. Qg5 Rdd7 29. Nd6 Qa5 30. Bc4 Qd2+ 31. Kg1 Bd5 32. Ne8 Qxf4 33. Nf6+ Kh8 34.
Qxf4 Nxf4 35. Nxd7 Rxd7 36. Bxd5 Rxd5 37. Rh4 Ng6 38. Rh3 Nxe5 39. Rg3 Ng4 40.
Rc1 d3 41. Rc8+ Kg7 42. Rc3 d2 0-1

[Event "2024 Mary Thomson Cup (Division B)"]
[Site "Woodvale, Perth WA AUS"]
[Date "2024.03.20"]
[Round "7"]
[White "Gough, Dylan"]
[Black "Balavignan, Ashvin"]
[Result "0-1"]
[ECO "D45"]
[WhiteElo "1784"]
[BlackElo "1839"]
[PlyCount "43"]
[EventDate "2024.01.31"]
[EventType "tourn"]
[EventRounds "7"]
[EventCountry "AUS"]
[TimeControl "3600+30"]

1. d4 d5 2. c4 c6 3. e3 Nf6 4. Nc3 e6 5. Nf3 Nbd7 6. cxd5 exd5 7. Bd3 Bd6 8.
O-O O-O 9. Bd2 Re8 10. Re1 Ne4 11. Qc2 Ndf6 12. Rec1 Bf5 13. Ne1 Bxh2+ 14. Kf1
Ng4 15. Nxe4 dxe4 16. Be2 Nxf2 17. Bf3 Qh4 18. Bb4 Bg3 19. Qc5 Qh1+ 20. Ke2
exf3+ 21. Nxf3 Bd3+ 22. Kd2 0-1

[Event "2024 Mary Thomson Cup (Division B)"]
[Site "Woodvale, Perth WA AUS"]
[Date "2024.03.20"]
[Round "7"]
[White "Roebuck, Derek"]
[Black "Janceski, Alex"]
[Result "1/2-1/2"]
[ECO "B98"]
[WhiteElo "1781"]
[BlackElo "1887"]
[PlyCount "39"]
[EventDate "2024.01.31"]
[EventType "tourn"]
[EventRounds "7"]
[EventCountry "AUS"]
[TimeControl "3600+30"]

1. e4 c5 2. Nf3 d6 3. d4 cxd4 4. Nxd4 a6 5. Nc3 Nf6 6. Bg5 e6 7. f4 Be7 8. Qf3
Qb6 9. O-O-O Nc6 10. Nxc6 bxc6 11. Bxf6 gxf6 12. Bc4 h5 13. Rhe1 Rb8 14. Bb3
Bb7 15. Qe3 c5 16. f5 e5 17. Qd3 Rd8 18. Nd5 Bxd5 19. Qxd5 Rh7 20. Bc4 1/2-1/2

[Event "2024 Mary Thomson Cup (Division C)"]
[Site "Woodvale, Perth WA AUS"]
[Date "2024.03.20"]
[Round "7"]
[White "Akers, Gerard"]
[Black "Sethuraman, Jaswanth Ram"]
[Result "1-0"]
[ECO "C24"]
[WhiteElo "1643"]
[BlackElo "1557"]
[PlyCount "59"]
[EventDate "2024.01.31"]
[EventType "tourn"]
[EventRounds "7"]
[EventCountry "AUS"]
[TimeControl "3600+30"]

1. e4 e5 2. Bc4 Nf6 3. d4 exd4 4. e5 Qe7 5. Nf3 d5 6. Bd3 Bg4 7. O-O Nfd7 8.
Re1 Nc6 9. h3 Bh5 10. Bf4 h6 11. Nbd2 g5 12. Bg3 Bg7 13. c4 dxc4 14. Bxc4 O-O-O
15. e6 fxe6 16. Bxe6 Qf6 17. Qa4 a6 18. Rac1 Rhe8 19. Rxc6 bxc6 20. Qxc6 Kb8
21. Bxc7+ Ka7 22. Nc4 Bxf3 23. gxf3 Re7 24. Bxd8 Qf4 25. Nd6 Ne5 26. Nc8+ Kb8
27. Qd6+ Ka8 28. Nb6+ Kb7 29. Qxe7+ Kb8 30. Qc7# 1-0

[Event "2024 Mary Thomson Cup (Division C)"]
[Site "Woodvale, Perth WA AUS"]
[Date "2024.03.20"]
[Round "7"]
[White "Curtis, Calan"]
[Black "Browning, Thomas"]
[Result "1/2-1/2"]
[ECO "D00"]
[WhiteElo "1628"]
[BlackElo "1644"]
[PlyCount "66"]
[EventDate "2024.01.31"]
[EventType "tourn"]
[EventRounds "7"]
[EventCountry "AUS"]
[TimeControl "3600+30"]

1. d4 d5 2. Nc3 Nf6 3. Bf4 c5 4. dxc5 Nc6 5. e3 e5 6. Bg5 Bxc5 7. Bxf6 Qxf6 8.
Nxd5 Qd8 9. Nc3 Qb6 10. Na4 Qa5+ 11. c3 O-O 12. Nxc5 Qxc5 13. Bd3 Rd8 14. Qc2
g6 15. h4 Qd5 16. Be4 Qe6 17. h5 Ne7 18. hxg6 fxg6 19. Nf3 Qf6 20. c4 Rb8 21.
Qc3 Bf5 22. Bxf5 Nxf5 23. Qxe5 Qc6 24. Qh2 Qd7 25. Nd4 Rbc8 26. b3 Nxd4 27.
exd4 Re8+ 28. Kf1 Rf8 29. Re1 Rxf2+ 30. Kxf2 Qxd4+ 31. Re3 Qd2+ 32. Kf1 Rf8+
33. Rf3 Qc1+ 1/2-1/2

[Event "2024 Mary Thomson Cup (Division C)"]
[Site "Woodvale, Perth WA AUS"]
[Date "2024.03.07"]
[Round "7"]
[White "Michael, Ashley"]
[Black "Bhatia, Abhay"]
[Result "1-0"]
[ECO "B30"]
[WhiteElo "1560"]
[BlackElo "1730"]
[PlyCount "39"]
[EventDate "2024.01.31"]
[EventType "tourn"]
[EventRounds "7"]
[EventCountry "AUS"]
[TimeControl "3600+30"]

{Played away from club} 1. e4 c5 2. Nf3 Nc6 3. b4 Nxb4 4. c3 Nc6 5. d4 cxd4 6.
cxd4 d5 7. exd5 Qa5+ 8. Bd2 Qxd5 9. Nc3 Qd8 10. d5 Nb8 11. Bb5+ Bd7 12. Rc1 a6
13. Bxd7+ Nxd7 14. d6 Nc5 15. Bf4 exd6 16. Nd5 Qa5+ 17. Rc3 Ne6 18. Be3 Rc8 19.
Bb6 Qxa2 20. Rxc8+ 1-0

[Event "2024 Mary Thomson Cup (Division D)"]
[Site "Woodvale, Perth WA AUS"]
[Date "2024.03.20"]
[Round "7"]
[White "Hagendoorn, Mark"]
[Black "Hounsome, David"]
[Result "1-0"]
[ECO "C01"]
[WhiteElo "1483"]
[BlackElo "1406"]
[PlyCount "102"]
[EventDate "2024.01.31"]
[EventType "tourn"]
[EventRounds "7"]
[EventCountry "AUS"]
[TimeControl "3600+30"]

1. e4 e6 2. d4 d5 3. Bd3 c5 4. exd5 exd5 5. c3 Nf6 6. Ne2 Nc6 7. O-O Qb6 8. Re1
cxd4 9. Nxd4+ Be7 10. Bb5 Bd7 11. Bxc6 bxc6 12. Qe2 O-O 13. Be3 c5 14. Nb3 Rfe8
15. N1d2 Bd6 16. f3 Re6 17. Qf2 Rc8 18. Re2 Qc7 19. g3 Bb5 20. Ree1 a5 21. a4
Ba6 22. Bg5 Rxe1+ 23. Rxe1 Nd7 24. Be7 Ne5 25. Bxd6 Qxd6 26. Qe3 f6 27. f4 Nd3
28. Qe6+ Qxe6 29. Rxe6 Bc4 30. Nxa5 Nxb2 31. Ndxc4 Nxc4 32. Nxc4 Kf7 33. Nd6+
Kxe6 34. Nxc8 d4 35. cxd4 cxd4 36. Kf2 Kd5 37. Ke2 Kc4 38. Kd2 Kb4 39. Nb6 Ka5
40. Nc4+ Kxa4 41. Kd3 Kb5 42. Kxd4 Kc6 43. Ke4 g6 44. Ne3 Kd6 45. f5 Ke7 46. h4
Kf7 47. Kd5 gxf5 48. Nxf5 Kg6 49. Ke6 Kh5 50. Kf7 Kg4 51. Kxf6 Kf3 1-0

[Event "2024 Mary Thomson Cup (Division D)"]
[Site "Woodvale, Perth WA AUS"]
[Date "2024.03.20"]
[Round "7"]
[White "Knight, Charles"]
[Black "Boswarva, Ernest"]
[Result "1-0"]
[ECO "B01"]
[WhiteElo "1474"]
[BlackElo "1497"]
[PlyCount "55"]
[EventDate "2024.01.31"]
[EventType "tourn"]
[EventRounds "7"]
[EventCountry "AUS"]
[TimeControl "3600+30"]

1. e4 d5 2. exd5 Qxd5 3. Nc3 Qd8 4. d4 Nf6 5. Bc4 Bg4 6. f3 Bf5 7. Nge2 e6 8.
Bg5 c6 9. Ne4 Nbd7 10. c3 h6 11. Bh4 Be7 12. Bxf6 Nxf6 13. N2g3 Nxe4 14. Nxe4
Bh4+ 15. g3 Bxe4 16. fxe4 Be7 17. Qh5 g6 18. Qh3 Bg5 19. Qg2 Qb6 20. h4 Be7 21.
O-O-O O-O-O 22. Kb1 g5 23. Rhf1 Rhf8 24. Rxf7 Rxf7 25. Bxe6+ Kb8 26. Bxf7 gxh4
27. gxh4 Bxh4 28. Qh2+ 1-0

[Event "2024 Mary Thomson Cup (Division D)"]
[Site "Woodvale, Perth WA AUS"]
[Date "2024.03.20"]
[Round "7"]
[White "Nauom, Rafik"]
[Black "Weijermars, Tristan"]
[Result "0-1"]
[ECO "B30"]
[WhiteElo "1445"]
[BlackElo "1515"]
[PlyCount "94"]
[EventDate "2024.01.31"]
[EventType "tourn"]
[EventRounds "7"]
[EventCountry "AUS"]
[TimeControl "3600+30"]

1. e4 c5 2. Bc4 Nc6 3. Nf3 g6 4. Nc3 Bg7 5. Ng5 e6 6. Nf3 Nge7 7. Nb5 d6 8. c3
a6 9. Na3 b5 10. Bd3 O-O 11. Bb1 Bb7 12. Ng5 d5 13. Qg4 Ne5 14. Qh3 h6 15. d4
cxd4 16. cxd4 hxg5 17. dxe5 Bxe5 18. exd5 Nxd5 19. Bxg6 fxg6 20. Qxe6+ Kh7 21.
Qh3+ Kg7 22. Nc2 Qf6 23. O-O Rac8 24. Ne3 Rh8 25. Qd7+ Qf7 26. Qxf7+ Kxf7 27.
Ng4 Bf4 28. Bxf4 Nxf4 29. Rad1 Rc7 30. f3 Re8 31. g3 Nh3+ 32. Kg2 Rc2+ 33. Nf2
Nxf2 34. Rxf2 Ree2 35. Rd7+ Ke8 36. Rxe2+ Rxe2+ 37. Kf1 Bxf3 38. Rd6 Rxb2 39.
Rxa6 Be4 40. Re6+ Kf7 41. Rxe4 Rxa2 42. Rb4 Ra5 43. Ke2 Ke6 44. Kd3 Ra3+ 45.
Ke4 Ra4 46. Rxa4 bxa4 47. Kd4 Kf5 0-1

[Event "2024 Mary Thomson Cup (Division D)"]
[Site "Woodvale, Perth WA AUS"]
[Date "2024.03.20"]
[Round "7"]
[White "Walker, Colin"]
[Black "Leech, Martin"]
[Result "0-1"]
[ECO "D04"]
[WhiteElo "1429"]
[BlackElo "1547"]
[PlyCount "58"]
[EventDate "2024.01.31"]
[EventType "tourn"]
[EventRounds "7"]
[EventCountry "AUS"]
[TimeControl "3600+30"]

1. d4 d5 2. Nf3 Nf6 3. e3 c5 4. c4 cxd4 5. Nxd4 e5 6. Nb3 Be7 7. cxd5 Qxd5 8.
Qxd5 Nxd5 9. Be2 Nb4 10. Na3 O-O 11. O-O N8c6 12. Nd2 Bf5 13. Ndc4 Rfd8 14. Bd2
Rac8 15. Bc3 f6 16. Nd2 Nd5 17. Bc4 Be6 18. e4 Nc7 19. Bxe6+ Nxe6 20. Nc2 Ncd4
21. Ne3 Ne2+ 22. Kh1 Nxc3 23. bxc3 Rxd2 24. Nd5 Bc5 25. a4 Nf4 26. a5 Nxd5 27.
exd5 Rxd5 28. Rab1 b6 29. axb6 Bxb6 0-1

[Event "2024 Mary Thomson Cup (Division E)"]
[Site "Woodvale, Perth WA AUS"]
[Date "2024.03.20"]
[Round "7"]
[White "Otis, Max"]
[Black "Powell, Darren"]
[Result "1-0"]
[ECO "C28"]
[WhiteElo "1348"]
[BlackElo "1303"]
[PlyCount "59"]
[EventDate "2024.01.31"]
[EventType "swiss"]
[EventRounds "7"]
[EventCountry "AUS"]
[TimeControl "3600+30"]

1. e4 e5 2. Nc3 Nc6 3. Bc4 Nf6 4. d3 h6 5. f4 d6 6. f5 Bd7 7. a3 Nd4 8. Nf3 c6
9. Ba2 Qb6 10. Nxd4 Qxd4 11. Qf3 Qb6 12. b4 a6 13. Be3 Qc7 14. a4 b5 15. a5 Qb7
16. O-O Be7 17. Qg3 Rh7 18. Rab1 Qb8 19. Rf3 c5 20. Nd5 Nxd5 21. Bxd5 Ra7 22.
f6 Bf8 23. Bxf7+ Kd8 24. Bg8 Rh8 25. fxg7 Bxg7 26. Qxg7 Rxg8 27. Qxg8+ Be8 28.
Rf8 Re7 29. Bxh6 cxb4 30. Bg5 1-0

[Event "2024 Mary Thomson Cup (Division E)"]
[Site "Woodvale, Perth WA AUS"]
[Date "2024.03.20"]
[Round "7"]
[White "Porteus, Grant"]
[Black "Dawoud, Ahmad"]
[Result "1-0"]
[ECO "D31"]
[WhiteElo "1184"]
[BlackElo "1150"]
[PlyCount "105"]
[EventDate "2024.01.31"]
[EventType "swiss"]
[EventRounds "7"]
[EventCountry "AUS"]
[TimeControl "3600+30"]

1. d4 d5 2. c4 Nc6 3. Nc3 e6 4. Bf4 Bb4 5. Nf3 Bxc3+ 6. bxc3 Nge7 7. e3 h6 8.
Bd3 Ng6 9. Bg3 Qe7 10. Qc2 Nf8 11. O-O b6 12. Rfe1 Bb7 13. cxd5 exd5 14. e4
dxe4 15. Rxe4 Ne6 16. d5 Ncd8 17. Qa4+ Qd7 18. Qxd7+ Kxd7 19. dxe6+ Nxe6 20.
Bb5+ c6 21. Rd1+ Ke7 22. Bc4 c5 23. Re3 Bxf3 24. Rxf3 Rad8 25. Re1 Ke8 26. Bxe6
fxe6 27. Rxe6+ Kd7 28. Rd6+ Kc8 29. Rf7 Rxd6 30. Bxd6 Re8 31. Rf8 Rxf8 32. Bxf8
Kd7 33. Bxg7 h5 34. h3 Ke7 35. g4 Kf7 36. Be5 Ke6 37. f4 h4 38. c4 a6 39. Bc7
b5 40. cxb5 axb5 41. g5 c4 42. Ba5 Kf5 43. Kg2 Kg6 44. Kf3 Kf5 45. a3 c3 46.
Bxc3 b4 47. axb4 Kg6 48. Kg4 Kh7 49. b5 Kg6 50. b6 Kh7 51. Kh5 Kg8 52. b7 Kh7
53. g6+ 1-0

[Event "2024 Mary Thomson Cup (Division E)"]
[Site "Woodvale, Perth WA AUS"]
[Date "2024.03.20"]
[Round "7"]
[White "Lanham, Bruce"]
[Black "Gough, Sebastian"]
[Result "1-0"]
[ECO "D11"]
[WhiteElo "1255"]
[BlackElo "1206"]
[PlyCount "43"]
[EventDate "2024.01.31"]
[EventType "swiss"]
[EventRounds "7"]
[EventCountry "AUS"]
[TimeControl "3600+30"]

1. Nf3 d5 2. g3 Nf6 3. Bg2 Bf5 4. O-O Nbd7 5. d4 e6 6. c4 c6 7. cxd5 cxd5 8.
Nc3 Bd6 9. Qb3 b6 10. Nh4 Bg6 11. e3 Nh5 12. Bd2 a6 13. Rfc1 b5 14. a4 b4 15.
Nxd5 exd5 16. Bxd5 Qe7 17. Bxa8 O-O 18. Nxg6 hxg6 19. Bg2 g5 20. Rc2 Kh8 21.
Rac1 Kh7 22. Rc8 1-0

[Event "2024 Mary Thomson Cup (Division E)"]
[Site "Woodvale, Perth WA AUS"]
[Date "2024.03.20"]
[Round "7"]
[White "Markou, Victor"]
[Black "Owen, Geoff"]
[Result "0-1"]
[ECO "C44"]
[WhiteElo "1004"]
[BlackElo "1104"]
[PlyCount "97"]
[EventDate "2024.01.31"]
[EventType "swiss"]
[EventRounds "7"]
[EventCountry "AUS"]
[TimeControl "3600+30"]

1. e4 Nc6 2. Nf3 e5 3. g3 d6 4. Bg2 Bg4 5. O-O Nf6 6. d3 h5 7. Nbd2 Qd7 8. Re1
O-O-O 9. Nf1 Be7 10. Ne3 Bh3 11. Nf5 Bxf5 12. exf5 Qxf5 13. Ng5 Qg6 14. Nf3 Kb8
15. Nh4 Qg4 16. Qxg4 Nxg4 17. Nf5 Bf6 18. Ne3 Rde8 19. Nxg4 hxg4 20. f4 Nd4 21.
Re4 exf4 22. c3 f3 23. Bf1 Nc2 24. Rb1 d5 25. Rxe8+ Rxe8 26. Bf4 Re1 27. Rxe1
Nxe1 28. Kf2 Nc2 29. d4 g5 30. Be5 Bxe5 31. dxe5 d4 32. Bd3 dxc3 33. Bxc2 cxb2
34. Bb1 Kc8 35. Ke3 Kd8 36. Kf2 Ke7 37. Ke3 Ke6 38. Ke4 b5 39. a3 f2 40. Bd3
f1=Q 41. Bxf1 b1=Q+ 42. Bd3 Qh1+ 43. Ke3 Qxh2 44. Bxb5 Qxg3+ 45. Kd4 Qxe5+ 46.
Kc4 g3 47. Bc6 Qe2+ 48. Kc5 Qc2+ 49. Kd4 0-1

[Event "2024 Mary Thomson Cup (Division E)"]
[Site "Woodvale, Perth WA AUS"]
[Date "2024.03.20"]
[Round "7"]
[White "Rennie, Mike"]
[Black "Bordas, Lindsay"]
[Result "0-1"]
[ECO "B40"]
[WhiteElo "962"]
[BlackElo "1164"]
[PlyCount "58"]
[EventDate "2024.01.31"]
[EventType "swiss"]
[EventRounds "7"]
[EventCountry "AUS"]
[TimeControl "3600+30"]

1. e4 e6 2. d3 d5 3. Nc3 c5 4. Nf3 Nc6 5. Bd2 a6 6. Be2 Bd6 7. g3 d4 8. Na4 b5
9. e5 Be7 10. c4 bxa4 11. Qxa4 Bd7 12. O-O Nxe5 13. Qd1 Nxf3+ 14. Bxf3 Rc8 15.
Qc1 a5 16. Qe1 Bg5 17. h4 Bxd2 18. Qxd2 Qf6 19. Bd1 Bc6 20. f3 Qh6 21. f4 Qg6
22. Kh2 h5 23. Qxa5 Nf6 24. Qxc5 Ng4+ 25. Kh3 Qf5 26. Qxd4 Ne3+ 27. Kh2 Nxf1+
28. Kg1 Qh3 29. Qf2 Qh1# 0-1